 Dungeon Crawl Stone Soup version 0.17-a0-1632-g0af21bd (webtiles) character file.

1085 carl the Cleaver (level 8, -3/70 HPs)
             Began as a Minotaur Fighter on Aug 1, 2015.
             Slain by an ogre
             ... wielding a +0 giant club
              (17 damage)
             ... on level 6 of the Dungeon on Aug 3, 2015.
             The game lasted 00:09:01 (5561 turns).

carl the Cleaver (Minotaur Fighter)                 Turns: 5561, Time: 00:09:01

Health: -3/70      AC: 10    Str: 22    XL:     8   Next: 9%
Magic:  7/7        EV:  7    Int:  7    God:
Gold:   333        SH:  0    Dex:  9    Spells: 0 memorised, 7 levels left

rFire  . . .     SeeInvis .     a - +0 war axe
rCold  . . .     Clarity  .     u - +0 chain mail
rNeg   . . .     SustAt   .     (no shield)
rPois  .         Gourm    .     r - +1 hat
rElec  .         Spirit   .     (no cloak)
rCorr  .         Warding  .     (no gloves)
rMut   .         Stasis   .     (no boots)
MR     +....                    (no amulet)
Stlth  ..........               y - ring of loudness (curse)
                                x - ring of protection from magic

@: somewhat resistant to hostile enchantments, extremely unstealthy
A: retaliatory headbutt, horns 2, sense surroundings 1, robust 1
a: no special abilities


You were on level 6 of the Dungeon.
You were not hungry.

You visited 1 branch of the dungeon, and saw 6 of its levels.

You collected 333 gold pieces.

Inventory:

Hand weapons
 a - a +0 war axe (weapon)
Armour
 r - a +1 hat (worn)
 u - a +0 chain mail (worn)
Jewellery
 x - a ring of protection from magic (left hand)
 y - a cursed ring of loudness (right hand)
Magical devices
 z - a wand of disintegration (16)
Scrolls
 h - 3 scrolls of remove curse {unknown}
 i - a scroll of amnesia {unknown}
 l - a scroll of magic mapping {unknown}
 m - a scroll of immolation {unknown}
 n - 3 scrolls of teleportation {unknown}
 o - a scroll of fog {unknown}
 s - a scroll of noise {unknown}
 t - a scroll of blinking {unknown}
 D - a scroll of recharging {unknown}
Potions
 d - 2 potions of might
 f - 2 potions of haste
 k - 4 potions of curing
 p - a potion of agility
 q - a potion of cure mutation
 w - a potion of invisibility
 B - 2 potions of heal wounds
 F - a potion of mutation {unknown}
Books
 C - a book of Flames

   Spells                             Type                      Level
   a - Flame Tongue                   Conjuration/Fire             1
   b - Throw Flame                    Conjuration/Fire             2
   c - Conjure Flame                  Conjuration/Fire             3
   d - Inner Flame                    Hexes/Fire                   3
   e - Sticky Flame                   Conjuration/Fire             4
   f - Fireball                       Conjuration/Fire             5
Comestibles
 b - a chunk of flesh
 e - 3 bread rations
 j - 3 meat rations
 v - 9 fruits
 E - 2 slices of pizza


   Skills:
 - Level 3.6 Fighting
 + Level 11.4 Axes
 - Level 3.6 Armour
   Level 3.6 Shields


You had 7 spell levels left.
You didn't know any spells.

Dungeon Overview and Level Annotations

Branches:
Dungeon (6/15)
 Temple: D:4-7

Altars:
Ashenzari
Cheibriados
Elyvilon
Qazlal
Ru
Vehumet
Xom
Zin


Innate Abilities, Weirdness & Mutations

You reflexively headbutt those who attack you in melee.
You have a pair of horns on your head.
You passively map a small area around you.
You are robust (+10% HP).


Message History

An ogre comes into view. It is wielding a giant club.
The ogre shouts!
The ogre closely misses you.
You hit the ogre but do no damage. You slash the ogre!
The ogre is moderately wounded.
The ogre hits you with a giant club!!
You closely miss the ogre. Your headbutt misses the ogre.
The ogre is moderately wounded.
The ogre hits you with a giant club!
You hit the ogre.
The ogre is heavily wounded.
You hit the ogre. You headbutt the ogre!
The ogre is almost dead.
The ogre hits you with a giant club!!
* * * LOW HITPOINT WARNING * * *
You hit the ogre.
The ogre is almost dead.
The ogre hits you with a giant club!
You die...

....#....##....##..#
....#....####+###+###
....#....##.........#
*
....+.....'.........#
....#.....#........#
....#+#####........#,
, , , *####'##+## , *
.##....##..# ,
.........@O.# ,
,....>.......+ , , ,
*############# , * *


You could see an ogre.

Vanquished Creatures
  An orc warrior (D:5)
  A sky beast (D:5)
  An ogre (D:6)
  A centaur (D:6)
  A scorpion (D:5)
  3 crimson imps
  3 hounds
  A jelly (D:5)
  An orc priest (D:3)
  An iguana (D:6)
  5 orc wizards
  A worker ant (D:5)
  2 hound skeletons
  6 gnolls
  5 adders
  A shadow imp (D:5)
  An ooze (D:4)
  3 worms
  22 orcs
  4 ball pythons
  11 bats
  2 giant cockroaches (D:1)
  8 goblins
  9 hobgoblins
  3 jackals (D:4)
  4 kobolds
  4 giant geckos
  A giant gecko zombie (D:5)
  5 giant newts
  5 rats
  A plant (D:3)
117 creatures vanquished.

Notes
Turn   | Place    | Note
--------------------------------------------------------------
     0 | D:1      | carl the Minotaur Fighter began the quest for the Orb.
     0 | D:1      | Reached XP level 1. HP: 19/19 MP: 0/0
   106 | D:1      | Reached XP level 2. HP: 23/26 MP: 1/1
   118 | D:1      | Found a shattered altar of Ashenzari.
   589 | D:1      | Reached skill level 4 in Axes
   861 | D:2      | You fall through a shaft for 2 floors!
   863 | D:4      | Reached XP level 3. HP: 31/31 MP: 2/2
  1110 | D:3      | Found a radiant altar of Vehumet.
  1200 | D:2      | Reached skill level 5 in Axes
  1240 | D:2      | Reached XP level 4. HP: 39/39 MP: 3/3
  1383 | D:2      | Found a snail-covered altar of Cheibriados.
  1938 | D:3      | Reached skill level 6 in Axes
  1952 | D:2      | Reached XP level 5. HP: 20/45 MP: 4/4
  2358 | D:3      | Reached skill level 7 in Axes
  2920 | D:4      | Reached XP level 6. HP: 46/51 MP: 5/5
  3450 | D:4      | Reached skill level 8 in Axes
  3910 | D:5      | Entered Level 5 of the Dungeon
  3989 | D:5      | Found a stormy altar of Qazlal.
  3991 | D:5      | Noticed a water elemental
  3992 | D:5      | Noticed a fire elemental
  3992 | D:5      | Noticed an air elemental
  4012 | D:5      | Reached skill level 9 in Axes
  4092 | D:5      | Found a glowing silver altar of Zin.
  4249 | D:5      | Found a sacrificial altar of Ru.
  4249 | D:5      | Found a shimmering altar of Xom.
  4250 | D:5      | Found a white marble altar of Elyvilon.
  4357 | D:5      | Reached XP level 7. HP: 51/57 MP: 6/6
  4387 | D:5      | Upgraded the game from 0.17-a0-1617-gfba1302 to 0.17-a0-1632-g0af21bd
  4542 | D:5      | Reached skill level 10 in Axes
  4640 | D:6      | Gained mutation: You passively map a small area around you. [potion of beneficial mutation]
  4641 | D:6      | Gained mutation: You are robust (+10% HP). [potion of beneficial mutation]
  5006 | D:5      | HP: 3/62 [orc warrior/dire flail (12)]
  5007 | D:5      | Reached skill level 11 in Axes
  5395 | D:6      | Reached XP level 8. HP: 70/70 MP: 7/7
  5561 | D:6      | Slain by an ogre

Vault maps used:
D:1:      sevenhm_arrival_forest_fort_small_3, evilmike_ruin_ashenzari
D:2:      lemuel_crystal_altar
D:3:      overflow_temple_1_default, minmay_shallow_snake_nest
D:4:      first_bread
D:5:      lemuel_round_altar, gammafunk_temple_overflow_forgotten,
          nicolae_qazlal_style_of_elements
D:6:      serial_bayou_pond_b

Action                   |  1- 3 |  4- 6 |  7- 9 || total
-------------------------+-------+-------+-------++-------
Melee: War axe           |    71 |   165 |    70 ||   306
  Use: Scroll            |       |       |     8 ||     8
       Potion            |       |       |     4 ||     4
  Eat: Chunk             |     1 |    10 |     4 ||    15
